 Dungeon Crawl Stone Soup version 0.21.1-1-g345015fe64 (webtiles) character file.

49 KleinerIrrer the Skirmisher (level 3, 0/26 HPs)
             Began as an Octopode Transmuter on Apr 18, 2018.
             Slain by a quokka (5 damage)
             ... on level 2 of the Dungeon.
             The game lasted 00:00:39 (1555 turns).

KleinerIrrer the Skirmisher (Octopode Transmuter)   Turns: 1555, Time: 00:00:39

Health: 0/26       AC:  1    Str:  9    XL:     3   Next: 75%
Magic:  6/6        EV: 13    Int: 15    God:
Gold:   57         SH:  0    Dex: 13    Spells: 5/6 levels left

rFire    + . .     SeeInvis .   Y - +0 short sword
rCold    . . .     Gourm    .   (no shield)
rNeg     . . .     Faith    .   (helmet restricted)
rPois    .         Spirit   .   (no amulet)
rElec    .         Reflect  .   h - ring of protection from fire
rCorr    .         Harm     .   (no ring)
MR       .....                  (no ring)
Stlth    ++........             (no ring)
HPRegen  0.08/turn              (no ring)
MPRegen  0.10/turn              (no ring)
                                (no ring)
                                (no ring)

@: appendage (expiring)
A: almost no armour, stealthy swim, amphibious, 8 rings, constrict 8, tentacle
spike 3, camouflage 1, gelatinous body 1
a: End Transformation


You were on level 2 of the Dungeon.
You were not hungry.
One of your tentacles had a temporary spike.
You visited 1 branch of the dungeon, and saw 2 of its levels.

You collected 57 gold pieces.


Innate Abilities, Weirdness & Mutations

You cannot wear most types of armour.
You are very stealthy in the water. (Stealth+)
You are amphibious.
You can wear up to eight rings at the same time.
You can use your tentacles to constrict eight enemies at once.
Your skin changes colour to match your surroundings (Stealth+).
Your rubbery body absorbs attacks. (AC +1, EV +1)
One of your tentacles bears a large vicious spike.


   Skills:
 + Level 3.5 Fighting
 - Level 2.0 Dodging
 - Level 3.0 Unarmed Combat
 - Level 2.0 Spellcasting
 - Level 2.0 Transmutations


You had 5 spell levels left.
You knew the following spells:

 Your Spells              Type           Power        Failure   Level  Hunger
a - Beastly Appendage     Tmut           #.....       10%         1    #......

Inventory:

Hand Weapons
 Y - a +0 short sword (weapon)
Jewellery
 h - a ring of protection from fire (left tentacle)
Potions
 g - a potion of brilliance {unknown}
Books
 b - a book of Changes

   Spells                             Type                      Level
   a - Beastly Appendage              Transmutation                1
   b - Sticks to Snakes               Transmutation                2
   c - Spider Form                    Transmutation/Poison         3
   d - Ice Form                       Ice/Transmutation            4
   e - Blade Hands                    Transmutation                5
Comestibles
 c - 4 rations
 d - 3 chunks of flesh

Dungeon Overview and Level Annotations

Branches:
Dungeon (2/15)

Altars:


Message History

The bat skeleton misses you.
You hit the bat skeleton.
You destroy the bat skeleton!
The hound skeleton misses you. The bat closely misses you.
The hound skeleton bites you. The quokka bites you.
You hit the hound skeleton. You grab the hound skeleton.
The hound skeleton is lightly damaged.
You constrict the hound skeleton. The bat barely misses you. x2
The hound skeleton barely misses you. The quokka barely misses you.
You hit the hound skeleton.
You pierce the hound skeleton.
The hound skeleton is heavily damaged.
Your transformation is almost over.
You constrict the hound skeleton. The bat closely misses you.
The bat hits you but does no damage. The hound skeleton bites you.
The quokka bites you. The hound skeleton misses you.
You hit the hound skeleton.
You destroy the hound skeleton!
The bat barely misses you. The quokka closely misses you.
The quokka skeleton bites you. The quokka bites you.
You die...

####### #@Zg..#
########rl...##
.........b8...#
....8.........#
..8.8.......!.#
#......<......#
#.8...........#
####..........#
#..........#


You could see a leopard gecko, a quokka, a hobgoblin, a bat and a quokka
skeleton.

Vanquished Creatures
  A hound skeleton (D:2)
  An ooze (D:1)
  A dart slug (D:1)
  2 bats (D:1)
  A bat skeleton (D:2)
  4 giant cockroaches (D:1)
  2 goblins (D:1)
  6 hobgoblins (D:1)
  4 jackals (D:1)
  2 kobolds (D:1)
  A ball python (D:1)
  A rat (D:1)
26 creatures vanquished.

Notes
Turn   | Place    | Note
-------+----------+-------------------------------------------
     0 | D:1      | KleinerIrrer the Octopode Transmuter began the quest for the Orb.
     0 | D:1      | Reached XP level 1. HP: 13/13 MP: 3/3
     0 | D:1      | 0 ||| counter = 84
     2 | D:1      | 2 ||| CASTING Beastly Appendage
    62 | D:1      | 62 ||| CASTING Beastly Appendage
   266 | D:1      | 266 ||| CASTING Beastly Appendage
   316 | D:1      | 316 ||| CASTING Beastly Appendage
   355 | D:1      | 355 ||| CASTING Beastly Appendage
   358 | D:1      | Reached XP level 2. HP: 19/19 MP: 3/5
   455 | D:1      | 455 ||| CASTING Beastly Appendage
   480 | D:1      | 480 ||| CASTING Beastly Appendage
   481 | D:1      | 481 ||| CASTING Beastly Appendage
   504 | D:1      | 504 ||| Wielding weapon club.
   548 | D:1      | 548 ||| CASTING Beastly Appendage
   645 | D:1      | 645 ||| CASTING Beastly Appendage
   724 | D:1      | 724 ||| CASTING Beastly Appendage
   799 | D:1      | 799 ||| CASTING Beastly Appendage
   850 | D:1      | 850 ||| CASTING Beastly Appendage
   883 | D:1      | 883 ||| CASTING Beastly Appendage
   895 | D:1      | 895 ||| CASTING Beastly Appendage
   900 | D:1      | Reached XP level 3. HP: 25/25 MP: 4/6
   951 | D:1      | 951 ||| CASTING Beastly Appendage
   975 | D:1      | 975 ||| SWAPPING to short sword.
   976 | D:1      | 976 ||| DROPPING +0 club.
  1044 | D:1      | 1044 ||| CASTING Beastly Appendage
  1047 | D:1      | Reached skill level 3 in Fighting
  1059 | D:1      | 1059 ||| CASTING Beastly Appendage
  1150 | D:1      | 1150 ||| CASTING Beastly Appendage
  1272 | D:1      | 1272 ||| CASTING Beastly Appendage
  1396 | D:1      | 1396 ||| CASTING Beastly Appendage
  1444 | D:1      | 1444 ||| READING scroll labeled UPAROI TES VEK.
  1445 | D:1      | 1445 ||| READING 2 scrolls labeled JOGIOLOBUK.
  1446 | D:1      | 1446 ||| READING scroll labeled RINENAXIHI.
  1450 | D:1      | 1450 ||| DROPPING 54 arrows.
  1451 | D:1      | 1451 ||| DROPPING scroll of fog.
  1488 | D:2      | 1488 ||| CASTING Beastly Appendage
  1489 | D:2      | 1489 ||| STAIRDANCE
  1503 | D:2      | 1503 ||| STAIRDANCE
  1505 | D:1      | 1505 ||| CASTING Beastly Appendage
  1545 | D:2      | 1545 ||| Stepping ~*~*~tactically~*~*~ (outnumbered).
  1546 | D:2      | 1546 ||| CASTING Beastly Appendage
  1547 | D:2      | 1547 ||| Stepping ~*~*~tactically~*~*~ (outnumbered).
  1548 | D:2      | 1548 ||| Stepping ~*~*~tactically~*~*~ (outnumbered).
  1549 | D:2      | 1549 ||| Stepping ~*~*~tactically~*~*~ (outnumbered).
  1550 | D:2      | 1550 ||| Stepping ~*~*~tactically~*~*~ (outnumbered).
  1555 | D:2      | HP: 5/26 [quokka skeleton (3)]
  1555 | D:2      | Slain by a quokka

Vault maps used:
D:1:      dpeg_arrival_connections
D:2:      chequers_ecumenical_altar_grove, serial_undead, serial_undead_a,
          serial_undead_d, serial_undead_d, serial_undead_c

Skill      XL: |  1  2  3 |
---------------+----------+-----
Fighting       | 2 3 |  3.5
Dodging        | |  2.0
Unarmed Combat | |  3.0
Spellcasting   | |  2.0
Transmutations | |  2.0

Action                   || total
-------------------------++-------
Melee: Unarmed           ||    11
       Kick              ||    17
       Constrict         ||    20
       Tentacles         ||     9
       Club              ||    23
       Short sword       ||    22
 Cast: Beastly Appendage ||    23
  Use: Scroll            ||     3
  Eat: Chunk             ||     2
Armor: Skin              ||    14
Dodge: Dodged            ||    76

Table legend:
 A = Spawn XP
 B = Non-spawn XP
 C = Spawn XP percentage of total XP
 D = Spawn monster count
 E = Non-spawn monster count
 F = Spawn count percentage of total count
 G = Total turns spent on level
                    A         B        C        D         E        F      G
               +---------+---------+-------+---------+---------+-------+---------
         Total |       0 |      70 |   0.0 |       0 |      26 |   0.0 |  1555
               +---------+---------+-------+---------+---------+-------+---------
           D:1 |       0 |      50 |   0.0 |       0 |      24 |   0.0 |  1539
           D:2 |       0 |      20 |   0.0 |       0 |       2 |   0.0 |    16
               +---------+---------+-------+---------+---------+-------+---------
